 Dungeon Crawl Stone Soup version 0.25-a0-730-g633e9c3c14 (webtiles) character file.

Game seed: 1298873706485830399, levelgen mode: deterministic

13 Iscandelvey the Vexing (level 2, 19/21 HPs)
             Began as a Demonspawn Arcane Marksman on Apr 7, 2020.
             Quit the game on level 1 of the Dungeon.
             The game lasted 00:00:13 (117 turns).

Iscandelvey the Vexing (Demonspawn Arcane Marksman)  Turns: 117, Time: 00:00:14

Health: 19/21      AC:  2    Str: 10    XL:     2   Next: 24%
Magic:  3/3        EV: 12    Int: 14    God:
Gold:   0          SH:  0    Dex: 13    Spells: 2/3 levels left

rFire    . . .     SeeInvis .   a - +0 hunting sling
rCold    . . .     Gourm    .   (no shield)
rNeg     . . .     Faith    .   e - +0 robe
rPois    .         Spirit   .   (no helmet)
rElec    .         Reflect  .   (no cloak)
rCorr    .         Harm     .   (no gloves)
MR       .....                  (no boots)
Stlth    +.........             (no amulet)
HPRegen  0.07/turn              (no ring)
MPRegen  0.08/turn              (no ring)

@: no status effects
A: spiny 1
a: no special abilities


You were on level 1 of the Dungeon.
You were not hungry.

You visited 1 branch of the dungeon, and saw 1 of its levels.

Inventory:

Hand Weapons
 a - a +0 hunting sling (weapon)
Missiles
 b - 29 stones
 d - 49 sling bullets (quivered)
Armour
 e - a +0 robe (worn)
Potions
 c - a potion of cancellation {unknown}
 g - 2 potions of curing {unknown}
 h - a potion of flight {unknown}
Comestibles
 f - a ration


   Skills:
 + Level 1.4 Fighting
 + Level 2.0 Slings
 + Level 1.7 Dodging
 + Level 1.0 Spellcasting
 + Level 3.3 Hexes


You had 2 spell levels left.
You knew the following spells:

 Your Spells              Type           Power        Failure   Level  Hunger
a - Corona                Hex            ##.....      7%          1    ##.....

Your spell library contained the following spells:

 Spells                   Type           Power        Failure   Level  Hunger
 Slow                     Hex            ##......     10%         2    ###....
 Inner Flame              Hex/Fire       #.......     36%         3    ####...
 Portal Projectile        Hex/Tloc       #.....       36%         3    ####...
 Cause Fear               Hex            ##........   54%         4    #####..
 Leda's Liquefaction      Hex/Erth       #.........   78%         4    #####..


Dungeon Overview and Level Annotations

Branches:
Dungeon (1/15)

Altars:


Innate Abilities, Weirdness & Mutations

You are partially covered in sharp spines.


Message History

You shoot a sling bullet.
The sling bullet closely misses the hobgoblin.
A goblin comes into view.
The hobgoblin is struck by your spines. The hobgoblin misses you.
There are monsters nearby!
Firing (i - inventory. (/) - cycle)
d - 51 sling bullets (quivered)
Press: ? - help, Shift-Dir - straight line, f/p - hobgoblin
Aim: a hobgoblin, wielding a +0 club (almost dead)
You shoot a sling bullet.
The sling bullet hits the hobgoblin but does no damage.
The hobgoblin is almost dead.
The hobgoblin misses you.
Firing (i - inventory. (/) - cycle)
d - 50 sling bullets (quivered)
Press: ? - help, Shift-Dir - straight line, f/p - hobgoblin
Aim: a hobgoblin, wielding a +0 club (almost dead)
You shoot a sling bullet.
The sling bullet barely misses the hobgoblin.
The hobgoblin hits you with a +0 club.
There are monsters nearby!
Are you sure you want to abandon this character and quit the game? (Confirm with "yes".)

............[..
##............... ...
.......##... #...## #.g
####........ #.#...
#.####........... ##.#.#
#.#(.(..##..♣♣♣♣♣
######....####.(....###.♣..PP.
#.............g(.#### #.♣...P.
#..(.......#.@#### ##..♣P...P
#.............#### ....♣PP...
#............)...###.##.♣..P.<
#...........##.......##.♣..PP.
#.........#..#.#.#......♣PP..P
#........#.........####.♣PP..P
#........#.###.###†.....♣♣♣♣♣♣
##.........#.....#..##.....
≈≈..........#.>...#...# ...


You could see a hobgoblin and a goblin.

Vanquished Creatures
  An ooze (D:1)
  2 dart slugs (D:1)
  A bat (D:1)
  A frilled lizard (D:1)
  2 rats (D:1)
7 creatures vanquished.

Notes
Turn   | Place    | Note
-------+----------+-------------------------------------------
     0 | D:1      | Iscandelvey the Demonspawn Arcane Marksman began the quest
                  | for the Orb.
     0 | D:1      | Reached XP level 1. HP: 15/15 MP: 2/2
    67 | D:1      | Gained mutation: You are partially covered in sharp spines.
                  | [demonic ancestry]
    67 | D:1      | Reached XP level 2. HP: 21/21 MP: 3/3
   117 | D:1      | Quit the game

Levels and vault maps discovered:
D:1:      scummos_arrival_checkerplants, layout_rooms, chequers_mini_garden,
          moated_statue, st_stairs_3, minivault_5

Skill      XL: |  1  2 |
---------------+-------+-----
Slings         | 2 |  2.0
Fighting       | |  1.4
Dodging        | |  1.7
Spellcasting   | |  1.0
Hexes          | |  3.3

Action                   || total
-------------------------++-------
 Fire: Hunting sling     ||    28
Armor: Robe              ||     1
Dodge: Dodged            ||     4

Table legend:
 A = Non-vault XP
 B = Vault XP
 C = Vault XP percentage of total XP
 D = Non-vault monster count
 E = Vault monster count
 F = Vault count percentage of total count
                 A         B        C        D         E       F
            +---------+---------+-------+---------+---------+-------
      Total |       8 |      11 |  57.9 |       5 |       2 |  28.6
            +---------+---------+-------+---------+---------+-------
        D:1 |       8 |      11 |  57.9 |       5 |       2 |  28.6
            +---------+---------+-------+---------+---------+-------
